 Dungeon Sprint DCSS version 0.20.1-1-g8b1a95d (console) character file.

3686 hilaritas the Grappler (level 9, -13/102 HPs)
             Began as a Troll Fighter on Sept 1, 2017.
             Was an Elder of Uskayaw.
             Killed from afar by an orc sorcerer (42 damage)
             ... with a bolt of negative energy
             ... in the Dungeon (Sprint III: "The Ten Rune Challenge").
             The game lasted 00:04:06 (570 turns).

hilaritas the Grappler (Troll Fighter)               Turns: 570, Time: 00:04:08

Health: -13/102    AC:  7    Str: 27    XL:     9   Next: 90%
Magic:  13/13      EV: 10    Int:  6    God:    Uskayaw [****..]
Gold:   30         SH: 11    Dex:  9    Spells: 6/8 levels left

rFire    . . .     SeeInvis .     - Unarmed
rCold    . . .     Gourm    +   b - +0 shield
rNeg     . . .     Faith    .   a - +0 robe
rPois    .         Spirit   .   (helmet restricted)
rElec    .         Reflect  .   (no cloak)
rCorr    .         Harm     .   (gloves unavailable)
MR       .....     NoTele   +   (boots unavailable)
Stlth    +.........             (no amulet)
Regen    0.7/turn               (no ring)
MPRegen  0.2/turn               (no ring)

@: drained
A: unfitting armour, claws 3, molten scales 1, fast metabolism 3, gourmand,
regeneration 1, shaggy fur 1, tough skin 2, MP-powered wands
a: Stomp, Line Pass, Renounce Religion


You were in the Dungeon.
You worshipped Uskayaw.
Uskayaw was noncommittal.
You were completely stuffed.

You visited 1 branch You collected 30 gold pieces.

Inventory:

Hand Weapons
 v - a +0 dire flail
Armour
 a - a +0 robe (worn)
 b - a +0 shield (worn)
Wands
 s - a wand of polymorph (19/24)
Scrolls
 j - a scroll of blinking
 k - 3 scrolls of immolation {unknown}
 l - a scroll of enchant armour {unknown}
 m - 2 scrolls of remove curse
 p - a scroll of identify {unknown}
Potions
 c - a potion of might
 e - 2 potions of curing
 f - 2 potions of heal wounds
 g - 2 potions of haste
 h - 2 potions of magic
 o - 4 potions of flight
 q - 2 potions of mutation
Books
 r - a book of Cantrips

   Spells                             Type                      Level
   a - Confusing Touch                Hexes                        1
   b - Animate Skeleton               Necromancy                   1
   c - Summon Small Mammal            Summoning                    1
   d - Apportation                    Translocation                1
Miscellaneous
 u - a fan of gales
Comestibles
 d - 3 bread rations
 i - 8 chunks of flesh
 n - 2 fruits
 t - a royal jelly


   Skills:
 * Level 10.3(9.5) Fighting
 * Level 7.7(6.9) Armour
 - Level 2.4(1.7) Dodging
 - Level 9.7(8.9) Shields
 - Level 11.3(10.4) Unarmed Combat
 * Level 7.5(6.7) Invocations


You had 6 spell levels left.
You knew the following spells:

 Your Spells              Type           Power        Failure   Level  Hunger
a - Apportation           Tloc           #.....       45%         1    ##.....
b - Confusing Touch       Hex            #.....       45%         1    ##.....


Dungeon Overview and Level Annotations

Branches:
Dungeon (1/1)

Altars:
Cheibriados
Dithmenos
Elyvilon
Fedhas
Gozag
Hepliaklqana
Kikubaaqudgha
Makhleb
Nemelex Xobeh
Okawaru
Qazlal
Ru
Sif Muna
Trog
Uskayaw
Vehumet
Xom
Yredelemnul
Zin
The Shining One
Beogh
Jiyva
Lugonu


Innate Abilities, Weirdness & Mutations

You are too large for most types of armour.
You have claws for hands.
Your metabolism is lightning-fast.
You like to eat raw meat.
Your natural rate of healing is unusually fast.
You are covered in fur. (AC +1)
You have very tough skin. (AC +2)
You are partially covered in molten scales. (AC +2)
You expend magic power (3 MP) to strengthen your wands.


Message History

Okay, then.
The helpless orc warrior fails to defend itself.
You mangle the orc warrior!!
The orc warrior is almost dead.
The ice devil is no longer paralysed.
The orc warrior is no longer paralysed.
Uskayaw will force your foes to share their pain.
Uskayaw links your audience in an emotional bond!
The helpless orc warrior fails to defend itself.
You mangle the orc warrior!!
You kill the orc warrior!
The hellwing is no longer paralysed.
An orc and an orc warrior come into view.
The orc shouts!
The giant cockroach is no longer paralysed.
The orc warrior is no longer paralysed.
The orc sorcerer is no longer paralysed.
The orc priest looks satisfied for a moment.
The orc sorcerer casts a spell at you. The bolt of negative energy hits you!
You feel drained.
You die...

▓▓▓ ▓▓▓ ##.###############$$###
##..#___#___#__#$#$$$$.#
.#..#)..#._.#._#s$44....
.#..###'#)###)##oo.o....
'#..#..........#ooooo..o
#...'.⌠........#@#
#...#...######'#.#
....#.⌠.#__#...#§##############
....#...#__#...#....#.#.#.....#
....#'###__#...##.#..#.##)###.#
....#)).#__#...'##)#.#.##.#.)##
....#___#__'...#.).#..#..##..†...
▓▓▓▓▓▓▓▓▓▓▓▓▓▓▓▓▓▓▓▓▓▓▓▓▓▓▓▓▓#...
.(.


You could see a hellwing, an ice devil, an orc sorcerer, 4 orc warriors, an orc
priest, 3 orcs and a giant cockroach.

Vanquished Creatures
  Erolcha (D)
  An orc high priest (D)
  A deep elf mage (D)
  2 redbacks (D)
  A shadow (D)
  A spatial vortex (D)
  An orc warrior (D)
  A necrophage (D)
  5 two-headed ogres (D)
  A water elemental (D)
  A jelly (D)
  A wizard (D)
  A necromancer (D)
  3 humans (D)
  A kobold demonologist (D)
  An ooze (D)
  A phantom (D)
  3 rats (D)
27 creatures vanquished.

Vanquished Creatures (others)
  2 draconian scorchers (D)
  6 hellions (D)
  2 yaktaurs (D)
10 creatures vanquished.

Grand Total: 37 creatures vanquished

Notes
Turn   | Place    | Note
-------+----------+-------------------------------------------
     0 | D        | hilaritas the Troll Fighter began the quest for the Orb.
     0 | D        | Reached XP level 1. HP: 22/22 MP: 0/0
    12 | D        | Reached skill level 3 in Unarmed Combat
    62 | D        | Reached skill level 4 in Unarmed Combat
    62 | D        | Reached XP level 2. HP: 20/29 MP: 1/1
    64 | D        | Reached XP level 3. HP: 26/36 MP: 2/2
    92 | D        | Killed a hellion
   103 | D        | Gained mutation: You have a beak for a mouth. [potion of mutation]
   103 | D        | Gained mutation: You are dopey. (Int -2) [potion of mutation]
   103 | D        | Gained mutation: Your flesh is cold resistant. (rC+) [potion of mutation]
   104 | D        | Lost mutation: You are dopey. (Int -2) [potion of mutation]
   104 | D        | Lost mutation: You have a beak for a mouth. [potion of mutation]
   104 | D        | Lost mutation: Your flesh is cold resistant. (rC+) [potion of mutation]
   104 | D        | Gained mutation: You expend magic power (3 MP) to strengthen your wands. [potion of mutation]
   104 | D        | Gained mutation: You are partially covered in molten scales. (AC +2) [potion of mutation]
   109 | D        | Noticed a water elemental
   113 | D        | Killed a water elemental
   113 | D        | Reached skill level 5 in Shields
   113 | D        | Reached skill level 6 in Unarmed Combat
   113 | D        | Reached XP level 4. HP: 44/44 MP: 3/3
   113 | D        | Killed a hellion
   115 | D        | Killed a hellion
   117 | D        | Killed a hellion
   117 | D        | Killed a hellion
   133 | D        | Found a glowing silver altar of Zin.
   134 | D        | Found a glowing golden altar of the Shining One.
   134 | D        | Found a white marble altar of Elyvilon.
   134 | D        | Noticed a deep elf mage
   142 | D        | Killed a deep elf mage
   142 | D        | Reached skill level 11 in Unarmed Combat
   142 | D        | Reached XP level 5. HP: 44/50 MP: 4/4
   142 | D        | Reached XP level 6. HP: 52/59 MP: 5/5
   151 | D        | Killed a hellion
   154 | D        | Found a radiant altar of Vehumet.
   154 | D        | Found a deep blue altar of Sif Muna.
   154 | D        | Found an ancient bone altar of Kikubaaqudgha.
   161 | D        | Reached skill level 1 in Armour
   161 | D        | Reached XP level 7. HP: 49/66 MP: 6/6
   166 | D        | Learned a level 1 spell: Apportation
   168 | D        | Learned a level 1 spell: Confusing Touch
   193 | D        | Killed a yaktaur
   198 | D        | Killed a white draconian scorcher
   199 | D        | Found a roughly hewn altar of Beogh.
   199 | D        | Found an iron altar of Okawaru.
   199 | D        | Found a bloodstained altar of Trog.
   199 | D        | Found a hide-covered altar of Uskayaw.
   199 | D        | Noticed a human
   201 | D        | Noticed a human
   212 | D        | Killed a human
   216 | D        | Killed a human
   222 | D        | Killed a white draconian scorcher
   223 | D        | Became a worshipper of Uskayaw the Reveler
   249 | D        | Found a basalt altar of Yredelemnul.
   249 | D        | Found a shadowy altar of Dithmenos.
   249 | D        | Found a sacrificial altar of Ru.
   251 | D        | Reached skill level 5 in Fighting
   251 | D        | Reached skill level 1 in Invocations
   251 | D        | Reached * piety under Uskayaw
   257 | D        | Reached ** piety under Uskayaw
   274 | D        | Noticed a shadow
   287 | D        | Killed a shadow
   287 | D        | Reached XP level 8. HP: 45/81 MP: 6/8
   288 | D        | Reached *** piety under Uskayaw
   356 | D        | Found a blossoming altar of Fedhas.
   356 | D        | Found a stormy altar of Qazlal.
   356 | D        | Found a snail-covered altar of Cheibriados.
   356 | D        | Found a burning altar of Makhleb.
   356 | D        | Found a shimmering altar of Xom.
   357 | D        | Found a hazy altar of Hepliaklqana.
   357 | D        | Found an opulent altar of Gozag.
   357 | D        | Found a sparkling altar of Nemelex Xobeh.
   357 | D        | Found a corrupted altar of Lugonu.
   357 | D        | Found a viscous altar of Jiyva.
   421 | D        | Noticed a two-headed ogre
   426 | D        | Killed a two-headed ogre
   426 | D        | Reached skill level 5 in Armour
   464 | D        | Noticed a two-headed ogre
   464 | D        | Noticed Erolcha
   467 | D        | Paralysed by Erolcha for 2 turns
   469 | D        | Killed a yaktaur
   470 | D        | Killed Erolcha
   470 | D        | Reached XP level 9. HP: 66/97 MP: 10/12
   474 | D        | Reached **** piety under Uskayaw
   479 | D        | Killed a two-headed ogre
   479 | D        | Reached ***** piety under Uskayaw
   555 | D        | Noticed an orc high priest
   560 | D        | Noticed a soul eater
   564 | D        | Noticed an orc sorcerer
   567 | D        | Noticed a hellwing
   567 | D        | Killed an orc high priest
   567 | D        | Reached skill level 10 in Fighting
   568 | D        | Noticed an ice devil
   570 | D        | Killed from afar by an orc sorcerer

Skill      XL: |  1  2  3  4  5  6  7  8  9 |
---------------+----------------------------+-----
Shields        | 4 5 8 9 |  9.7
Unarmed Combat | 4 6 11 | 11.3
Armour         | 1 3 6 7 |  7.7
Fighting       | 5 8 10 | 10.3
Invocations    | 2 6 7 |  7.5
Dodging        | |  2.4

Action                   |  1- 3 |  4- 6 |  7- 9 || total
-------------------------+-------+-------+-------++-------
Melee: Unarmed           |    20 |    12 |    84 ||   116
  Use: Potion            |     3 |       |     1 ||     4
 Stab: Sleeping          |     1 |       |       ||     1
       Paralysed         |       |       |     6 ||     6
  Eat: Chunk             |     4 |       |     7 ||    11
Armor: Robe              |     1 |     1 |     4 ||     6
Dodge: Dodged            |     4 |     3 |    16 ||    23
Block: Shield            |     6 |     4 |    26 ||    36
